 Dungeon Crawl Stone Soup version 0.23.2-33-g5129a83184 (webtiles) character file.

Game seed: 9297137299788689182

579 kae the Spear-Bearer (level 7, -6/55 HPs)
             Began as a Merfolk Gladiator on July 25, 2019.
             Killed by divine providence
             ... invoked by an orc priest
              (14 damage)
             ... on level 4 of the Dungeon.
             The game lasted 00:04:50 (3438 turns).

kae the Spear-Bearer (Merfolk Gladiator)            Turns: 3438, Time: 00:04:50

Health: -6/55      AC:  6    Str: 17    XL:     7   Next: 36%
Magic:  0/7        EV: 22    Int:  9    God:
Gold:   149        SH:  0    Dex: 21    Spells: 6/6 levels left

rFire    . . .     SeeInvis .   a - +1 trident
rCold    . . .     Gourm    .   (no shield)
rNeg     . . .     Faith    .   b - +0 leather armour
rPois    .         Spirit   +   c - +0 helmet
rElec    .         Reflect  .   g - scarf {Spirit}
rCorr    .         Harm     .   e - +1 pair of gloves
MR       .....                  (no boots)
Stlth    +.........             (no amulet)
HPRegen  0.18/turn              m - +3 ring of strength
MPRegen  0.10/turn              (no ring)

@: agile, glowing
A: change form in water, swift swim, stealthy swim
a: no special abilities


You were on level 4 of the Dungeon.
You were hungry.

You visited 1 branch of the dungeon, and saw 4 of its levels.

You collected 149 gold pieces.

Inventory:

Hand Weapons
 a - a +1 trident (weapon)
Missiles
 d - 3 throwing nets (quivered)
Armour
 b - a +0 leather armour (worn)
 c - a +0 helmet (worn)
 e - a +1 pair of gloves (worn)
 g - a scarf of spirit shield (worn)
Jewellery
 m - a +3 ring of strength (left hand)
 q - a cursed amulet of inaccuracy
Scrolls
 o - a scroll of amnesia
 p - a scroll of enchant weapon
 r - a scroll of identify
 s - a scroll of teleportation
 t - a scroll of enchant armour
Potions
 h - 2 potions of curing
 i - a potion of haste
 j - a potion of brilliance
 l - 3 potions of agility
 n - a potion of might {unknown}
Comestibles
 f - 6 rations


   Skills:
 + Level 4.6 Fighting
 * Level 9.0 Polearms
 - Level 2.0 Throwing
 + Level 6.4 Dodging


You had 6 spell levels left.
You didn't know any spells.
Your spell library contained the following spells:

 Spells                   Type           Power        Failure   Level  Hunger
 Beastly Appendage        Tmut           #.....       45%         1    ##.....
 Freeze                   Ice            #...         45%         1    ##.....
 Sticks to Snakes         Tmut           #.......     58%         2    ###....
 Throw Frost              Conj/Ice       #.....       58%         2    ###....
 Ozocubu's Armour         Chrm/Ice       #.......     83%         3    ####...
 Spider Form              Tmut/Pois      #.........   83%         3    ####...
 Ice Form                 Ice/Tmut       #.......     99%         4    #####..
 Summon Ice Beast         Ice/Summ       #.......     99%         4    #####..
 Throw Icicle             Conj/Ice       #.......     99%         4    #####..
 Blade Hands              Tmut           #.........   100%        5    ######.


Dungeon Overview and Level Annotations

Branches:
Dungeon (4/15)
 Temple: D:4-7

Altars:
Nemelex Xobeh

Annotations:
D:4 Dowan


Message History

Dowan gestures at you while chanting. The shard of ice misses you.
You barely miss the orc priest.
The orc priest is severely wounded.
The orc priest hits you but does no damage.
You hit the orc priest.
The orc priest is almost dead.
Dowan gestures at you while chanting. The stone arrow hits you!
* * * LOW HITPOINT WARNING * * *
The orc priest hits you with a +0 dagger.
* * * LOW HITPOINT WARNING * * *
Okay, then.
Okay, then.
You hit the orc priest.
The orc priest is almost dead.
Dowan hits you but does no damage.
The orc priest calls down the wrath of Beogh upon you.
Beogh smites you!
You die...

....................
##+#########'######
..........#
..........#
..........#
###..##.###
###..##.##
.........#
......o@.#
.......e## ........#
.##.....# #.....#
.......# ........#
.########


You could see Dowan and an orc priest.

Vanquished Creatures
  Eustachio (D:4)
  Duvessa (D:4)
  A crimson imp (D:4)
  An orc priest (D:3)
  4 orc wizards
  Natasha (D:4)
  An adder (D:3)
  A shadow imp (D:3)
  3 oozes
  4 worms
  3 dart slugs
  A leopard gecko (D:1)
  10 orcs
  7 bats
  5 giant cockroaches
  5 goblins
  10 hobgoblins
  9 jackals
  A quokka (D:4)
  A ball python (D:3)
  6 frilled lizards
  11 kobolds
  A leopard gecko skeleton (D:4)
  11 rats
99 creatures vanquished.

Notes
Turn   | Place    | Note
-------+----------+-------------------------------------------
     0 | D:1      | kae the Merfolk Gladiator began the quest for the Orb.
     0 | D:1      | Reached XP level 1. HP: 16/16 MP: 1/1
    94 | D:1      | Reached XP level 2. HP: 17/23 MP: 2/2
   248 | D:1      | Reached skill level 5 in Polearms
   274 | D:1      | You fall through a shaft!
   425 | D:1      | Reached XP level 3. HP: 27/28 MP: 3/3
  1039 | D:2      | Reached XP level 4. HP: 26/34 MP: 4/4
  1307 | D:3      | Reached skill level 6 in Polearms
  1503 | D:3      | Reached skill level 5 in Dodging
  1591 | D:3      | Reached XP level 5. HP: 41/41 MP: 5/5
  1634 | D:3      | Reached skill level 7 in Polearms
  2299 | D:3      | Found a sparkling altar of Nemelex Xobeh.
  2509 | D:4      | Noticed Eustachio
  2513 | D:4      | Reached XP level 6. HP: 48/48 MP: 6/6
  2711 | D:4      | Killed Eustachio
  2711 | D:4      | Reached skill level 8 in Polearms
  3055 | D:4      | Reached XP level 7. HP: 30/54 MP: 4/7
  3398 | D:4      | Noticed Natasha
  3401 | D:4      | Killed Natasha
  3416 | D:4      | Noticed Dowan
  3417 | D:4      | Noticed Duvessa
  3434 | D:4      | Killed Duvessa
  3434 | D:4      | Reached skill level 9 in Polearms
  3438 | D:4      | Killed from afar by an orc priest

Skill      XL: |  1  2  3  4  5  6  7 |
---------------+----------------------+-----
Polearms       | 5 6 7 8 9 |  9.0
Fighting       | 3 4 |  4.6
Dodging        | 5 6 |  6.4
Throwing       | |  2.0

Action                   |  1- 3 |  4- 6 |  7- 9 || total
-------------------------+-------+-------+-------++-------
Melee: Trident           |   136 |   206 |    26 ||   368
       Tailslap          |     1 |       |       ||     1
  Use: Scroll            |     5 |     9 |       ||    14
       Potion            |       |     2 |     1 ||     3
 Stab: Sleeping          |     1 |       |       ||     1
  Eat: Chunk             |       |     6 |     2 ||     8
Armor: Leather armour    |    36 |    54 |     4 ||    94
       Skin              |       |     6 |       ||     6
Dodge: Dodged            |    60 |   138 |    16 ||   214
